 Dungeon Crawl Stone Soup version 0.21.1-1-g345015fe64 (webtiles) character file.

264 Gargoyl the Skirmisher (level 5, 0/46 HPs)
             Began as a Centaur Abyssal Knight on July 3, 2018.
             Was a Priest of Lugonu.
             Killed from afar by an orc wizard (5 damage)
             ... with a puff of flame
             ... on level 4 of the Dungeon.
             The game lasted 00:05:56 (2833 turns).

Gargoyl the Skirmisher (Centaur Abyssal Knight)     Turns: 2833, Time: 00:05:57

Health: 0/46       AC: 14    Str: 15    XL:     5   Next: 98%
Magic:  7/7        EV:  1    Int: 13    God:    Lugonu [***...]
Gold:   166        SH:  7    Dex: 12    Spells: 4/4 levels left

rFire    . . .     SeeInvis .   a - +2 hand axe
rCold    . . .     Gourm    .   e - +0 shield
rNeg     . . .     Faith    .   i - +0 plate armour
rPois    .         Spirit   .   b - +1 hat
rElec    .         Reflect  .   (no cloak)
rCorr    +         Harm     .   (no gloves)
MR       .....                  (no barding)
Stlth    ..........             (no amulet)
HPRegen  0.15/turn              k - ring of resist corrosion
MPRegen  0.10/turn              m - +3 ring of dexterity

@: very slightly contaminated, very quick
A: large, hooves 3, horns 1, thin metallic scales 1, yellow scales 1, clever 1,
deformed body, speed 2, tough skin 3, sturdy frame 1
a: Depart the Abyss, Bend Space, Banish, Renounce Religion


You were on level 4 of the Dungeon.
You worshipped Lugonu.
Lugonu was most pleased with you.
You were hungry.

You visited 1 branch of the dungeon, and saw 4 of its levels.
You visited the Abyss 1 time.

You collected 166 gold pieces.

Inventory:

Hand Weapons
 a - a +2 hand axe (weapon)
 n - a +0 war axe
Missiles
 f - 4 javelins (quivered)
Armour
 b - a +1 hat (worn)
 e - a +0 shield (worn)
 i - a +0 plate armour (worn)
 p - a +1 helmet of see invisible
Jewellery
 k - a ring of resist corrosion (left hand)
 m - a +3 ring of dexterity (right hand)
Scrolls
 g - 2 scrolls of identify
Potions
 d - 2 potions of agility
 h - a potion of haste {unknown}
 j - a potion of cancellation
 l - a potion of heal wounds
Comestibles
 c - 4 rations


   Skills:
 + Level 3.6 Fighting
 + Level 3.3 Axes
 * Level 2.9 Armour
 + Level 1.0 Dodging
 + Level 0.8 Shields
 * Level 3.2 Invocations


You had 4 spell levels left.
You didn't know any spells.

Dungeon Overview and Level Annotations

Branches:
Dungeon (4/15)
 Temple: D:4-7

Altars:
Trog


Innate Abilities, Weirdness & Mutations

You have hooves in place of feet.
Armour fits poorly on your strangely shaped body.
You cover ground very quickly.
You have extremely tough skin. (AC +3)
You have a pair of small horns on your head.
You are partially covered in thin metallic scales. (AC +2)
You are partially covered in yellow scales. (AC +2)
Your mind is acute. (Int +2)
Your movements are slightly less encumbered by armour. (ER -2)


Message History

You closely miss the orc warrior. Your headbutt misses the orc warrior.
The orc warrior hits you with a battleaxe!
* * * LOW HITPOINT WARNING * * *
You slash the orc warrior! You kick the orc warrior.
The orc warrior is moderately wounded.
You block the orc warrior's attack.
Your plate armour prevents you from hitting the orc warrior.
Your kick misses the orc warrior.
The orc warrior is moderately wounded.
The orc warrior hits you with a battleaxe.
* * * LOW HITPOINT WARNING * * *
Your plate armour prevents you from hitting the orc warrior.
Your kick misses the orc warrior.
The orc warrior is moderately wounded.
You block the orc warrior's attack.
Unknown command.
Okay, then.
A puff of flame appears from out of thin air!
The puff of flame hits you!
You die...

..#
#...o#####
##.#
##.......#
#.......#
##......#
#......#
#......#
#..>...#
#......#
##+#@###
##...########
+...........#
###..######.#
##.## #.#
#######..#
#.#
#........#
#.#
#......#.##
#.#
#......#..#
#.#


There were no monsters in sight!

Vanquished Creatures
  Jessica (D:3)
  2 orc wizards (D:3)
  A worker ant (D:4)
  4 gnolls (D:2)
  An adder (D:2)
  3 oozes
  2 worms (D:2)
  2 dart slugs
  3 leopard geckos
  3 orcs (D:3)
  8 bats
  5 giant cockroaches
  12 goblins
  9 hobgoblins
  4 jackals (D:1)
  3 quokkas
  5 frilled lizards
  7 kobolds
  12 rats
87 creatures vanquished.

Vanquished Creatures (others)
  A wizard (D:3)
1 creature vanquished.

Grand Total: 88 creatures vanquished

Notes
Turn   | Place    | Note
-------+----------+-------------------------------------------
     0 | Abyss:1  | Gargoyl the Centaur Abyssal Knight began the quest for the Orb.
     0 | Abyss:1  | Reached XP level 1. HP: 19/19 MP: 2/2
    42 | Abyss:1  | Noticed a small abomination
    68 | Abyss:1  | Noticed a raiju
    82 | Abyss:1  | Noticed a ynoxinul
   101 | Abyss:1  | Noticed a wretched star
   101 | Abyss:1  | Noticed a smoke demon
   102 | D:1      | Escaped the Abyss
   150 | D:1      | Reached * piety under Lugonu
   472 | D:1      | Reached XP level 2. HP: 26/26 MP: 3/3
   632 | D:1      | Reached XP level 3. HP: 26/31 MP: 4/4
  1019 | D:2      | Gained mutation: Your body sometimes deteriorates upon taking damage. [potion of mutation]
  1019 | D:2      | Gained mutation: Your magical capacity is low. (-10% MP) [potion of mutation]
  1019 | D:2      | Gained mutation: You are partially covered in thin metallic scales. (AC +2) [potion of mutation]
  1019 | D:2      | Gained mutation: Your movements are slightly less encumbered by armour. (ER -2) [potion of mutation]
  1020 | D:2      | Lost mutation: Your body sometimes deteriorates upon taking damage. [potion of mutation]
  1020 | D:2      | Lost mutation: Your magical capacity is low. (-10% MP) [potion of mutation]
  1020 | D:2      | Gained mutation: You have a pair of small horns on your head. [potion of mutation]
  1020 | D:2      | Gained mutation: Your mind is acute. (Int +2) [potion of mutation]
  1020 | D:2      | Gained mutation: You are partially covered in yellow scales. (AC +2) [potion of mutation]
  1072 | D:2      | Reached ** piety under Lugonu
  1410 | D:2      | Reached XP level 4. HP: 38/38 MP: 5/5
  1974 | D:3      | Noticed Jessica
  1976 | D:3      | Killed Jessica
  1976 | D:3      | Reached XP level 5. HP: 45/45 MP: 7/7
  2259 | D:3      | Reached *** piety under Lugonu
  2330 | D:3      | Found a bloodstained altar of Trog.
  2331 | D:3      | Noticed a wizard
  2338 | D:3      | Killed a wizard
  2509 | D:3      | Reached skill level 1 in Dodging
  2799 | D:4      | Noticed an orc warrior
  2833 | D:4      | Killed from afar by an orc wizard

Skill      XL: |  1  2  3  4  5 |
---------------+----------------+-----
Axes           | 2 3 |  3.3
Armour         | 2 |  2.9
Invocations    | 3 |  3.2
Dodging        | 1 |  1.0
Fighting       | |  3.6
Shields        | |  0.8

Action                   |  1- 3 |  4- 6 || total
-------------------------+-------+-------++-------
Melee: Hand axe          |   103 |   132 ||   235
       Kick              |    17 |    31 ||    48
       Headbutt          |     2 |    12 ||    14
Invok: Depart the Abyss  |     1 |       ||     1
  Use: Scroll            |     4 |     6 ||    10
       Potion            |     2 |     1 ||     3
  Eat: Chunk             |       |     4 ||     4
Armor: Leather armour    |     9 |       ||     9
       Ring mail         |    55 |    16 ||    71
       Plate armour      |       |    86 ||    86
Dodge: Dodged            |    32 |    20 ||    52
Block: Shield            |    44 |    36 ||    80
